 Dungeon Crawl Stone Soup version 0.23-a0-8-gb809bb7 (webtiles) character file.

86 Amnesiac the Conjurer (level 4, -5/30 HPs)
             Began as a Mummy Conjurer on Aug 2, 2018.
             Killed from afar by an orc wizard (6 damage)
             ... with a magic dart
             ... on level 3 of the Dungeon.
             The game lasted 00:02:48 (1328 turns).

Amnesiac the Conjurer (Mummy Conjurer)              Turns: 1328, Time: 00:02:49

Health: -5/30      AC:  2    Str: 11    XL:     4   Next: 27%
Magic:  0/10       EV: 12    Int: 15    God:
Gold:   21         SH:  0    Dex: 12    Spells: 4/11 levels left

rFire    x . .     SeeInvis .   a - +0 hunting sling
rCold    + . .     Gourm    .   (no shield)
rNeg     + + +     Faith    .   c - +0 robe
rPois    ∞         Spirit   .   (no helmet)
rElec    .         Reflect  .   (no cloak)
rCorr    .         Harm     .   (no gloves)
MR       .....                  (no boots)
Stlth    ++........             (no amulet)
HPRegen  0.10/turn              g - ring of wizardry
MPRegen  0.12/turn              (no ring)

@: no status effects
A: no food or potions, fire vulnerability, cold resistance 1, negative energy
resistance 3, torment resistance, unbreathing
a: no special abilities


You were on level 3 of the Dungeon.
You were not hungry.

You visited 1 branch of the dungeon, and saw 3 of its levels.

You collected 21 gold pieces.

Inventory:

Hand Weapons
 a - a +0 hunting sling (weapon)
 b - a +0 short sword
Missiles
 d - 44 stones (quivered)
Armour
 c - a +0 robe (worn)
Jewellery
 g - a ring of wizardry (left hand)
Scrolls
 e - a scroll of identify {!r}
 f - a scroll of remove curse {!r}


   Skills:
 - Level 1.5 Dodging
 - Level 1.5 Stealth
 + Level 4.2 Spellcasting
 * Level 4.2 Conjurations


You had 4 spell levels left.
You knew the following spells:

 Your Spells              Type           Power        Failure   Level  Hunger
a - Searing Ray           Conj           ###...       1%          2    N/A
b - Magic Dart            Conj           ###.         1%          1    N/A
d - Iskenderun's Mystic   Conj           ###.....     12%         4    N/A

Your spell library contained the following spells:

 Spells                   Type           Power        Failure   Level  Hunger
 Fulminant Prism          Conj/Hex       #.........   28%         4    N/A
 Dazzling Spray           Conj/Hex       #.....       9%          3    N/A
 Force Lance              Conj/Tloc      #.......     28%         4    N/A

Dungeon Overview and Level Annotations

Branches:
Dungeon (3/15)

Altars:
Nemelex Xobeh


Innate Abilities, Weirdness & Mutations

You do not eat or drink.
Your flesh is vulnerable to fire.
You are immune to poison.
Your flesh is cold resistant. (rC+)
You are immune to negative energy. (rN+++)
You are immune to unholy pain and torment.
You can survive without breathing.


Message History

Aim: an orc wizard, wielding a dagger and wearing a robe (severely wounded)
You shoot a stone.
The stone hits the orc wizard but does no damage.
The orc wizard is severely wounded.
The orc wizard casts a spell.
The orc wizard seems to speed up.
You hear a shout!
Firing (i - inventory)
d - 46 stones (quivered)
Press: ? - help, Shift-Dir - straight line, f/p - orc wizard
Aim: an orc wizard, wielding a dagger and wearing a robe (severely wounded, fast)
You shoot a stone. The stone barely misses the orc wizard.
The stone hits the worm.
The worm is lightly wounded.
You hear a shout!
The orc wizard casts a spell.
The orc wizard flickers and vanishes!
Deactivating autopickup; reactivate with Ctrl-A.
Something hits you.
Firing (i - inventory)
d - 45 stones (quivered)
Press: ? - help, Shift-Dir - straight line, f - worm
Aim: a worm You shoot a stone.
The stone hits the worm.
The worm is lightly wounded.
You hear some strange, mumbled words.
A puff of frost appears from out of thin air!
The puff of frost hits you! You resist.
* * * LOW HITPOINT WARNING * * *
Something hits you but does no damage.
Casting: Searing Ray (safe; 1% risk of failure)
Confirm with . or Enter, or press ? or * to list all spells.
You don't have enough magic to cast that spell.
Casting: Searing Ray (safe; 1% risk of failure)
Confirm with . or Enter, or press ? or * to list all spells.
You don't know that spell.
Unknown command.
Casting: Searing Ray (safe; 1% risk of failure)
Confirm with . or Enter, or press ? or * to list all spells.
Okay, then.
Casting: Searing Ray (safe; 1% risk of failure)
Confirm with . or Enter, or press ? or * to list all spells.
Aiming: Magic Dart (safe; 1% risk of failure)
Press: ? - help, Shift-Dir - straight line, f/p - worm
Aim: a worm (lightly wounded)
The magic dart hits something.
Something hits you but does no damage.
You aren't carrying any items that you can evoke.
Unknown command.
You hear some strange, mumbled words.
A puff of frost appears from out of thin air!
The puff of frost hits you! You resist.
* * * LOW HITPOINT WARNING * * *
Something hits you.
* * * LOW HITPOINT WARNING * * *
You hear some strange, mumbled words.
A puff of frost appears from out of thin air!
The puff of frost hits you! You resist.
* * * LOW HITPOINT WARNING * * *
Really read
e - 2 scrolls labeled KUSANLERANK {!r}?
As you read the scroll labeled KUSANLERANK {!r}, it crumbles to dust.
It is a scroll of identify.
f - a scroll of remove curse {!r} You hear some strange, mumbled words.
A magic dart appears from out of thin air!
The magic dart hits you!
You die...

.. #####.#####
#...#w.....
#.#....(..
####.#.....#
#......h...
#.##.#..####.#
#@##..o.......
##.##.##.###...
#..(w.# .o.
####### ####


There were no monsters in sight!

Vanquished Creatures
  An orc wizard (D:3)
  An adder (D:2)
  An ooze (D:1)
  2 worms
  A dart slug (D:2)
  A leopard gecko (D:3)
  3 orcs (D:3)
  3 hobgoblins
  9 jackals
  A quokka (D:2)
  A ball python (D:2)
  2 bats
  A frilled lizard (D:3)
  A kobold (D:3)
  3 rats
31 creatures vanquished.

Notes
Turn   | Place    | Note
-------+----------+-------------------------------------------
     0 | D:1      | Amnesiac the Mummy Conjurer began the quest for the Orb.
     0 | D:1      | Reached XP level 1. HP: 13/13 MP: 4/4
   219 | D:2      | Reached XP level 2. HP: 19/19 MP: 6/6
   223 | D:2      | Learned a level 2 spell: Searing Ray
   639 | D:2      | Found a sparkling altar of Nemelex Xobeh.
   829 | D:2      | Reached XP level 3. HP: 18/24 MP: 2/8
  1183 | D:3      | Reached XP level 4. HP: 28/30 MP: 5/10
  1190 | D:3      | Learned a level 4 spell: Iskenderun's Mystic Blast
  1327 | D:3      | HP: 1/30 [something/puff of frost (3)]
  1328 | D:3      | Killed from afar by an orc wizard

Vault maps used:
D:1:      zaba_arrival_water
D:2:      yredelemnul_altar_generic, nemelex_diamond_rough_becter
D:3:      overflow_temple_1_default

Skill      XL: |  1  2  3 |
---------------+----------+-----
Spellcasting   | 3 4 |  4.2
Conjurations   | 4 |  4.2
Dodging        | |  1.5
Stealth        | |  1.5

Action                   |  1- 3 |  4- 6 || total
-------------------------+-------+-------++-------
Melee: Short sword       |     2 |       ||     2
 Fire: Hunting sling     |    48 |    13 ||    61
 Cast: Magic Dart        |    39 |     1 ||    40
       Searing Ray       |     3 |     3 ||     6
  Use: Scroll            |       |     1 ||     1
Armor: Robe              |     2 |     3 ||     5
Dodge: Dodged            |    17 |     5 ||    22

Table legend:
 A = Spawn XP
 B = Non-spawn XP
 C = Spawn XP percentage of total XP
 D = Spawn monster count
 E = Non-spawn monster count
 F = Spawn count percentage of total count
 G = Total turns spent on level
                    A         B        C        D         E        F      G
               +---------+---------+-------+---------+---------+-------+---------
         Total |       0 |     124 |   0.0 |       0 |      31 |   0.0 |  1328
               +---------+---------+-------+---------+---------+-------+---------
           D:1 |       0 |      11 |   0.0 |       0 |       4 |   0.0 |   189
           D:2 |       0 |      38 |   0.0 |       0 |      12 |   0.0 |   766
           D:3 |       0 |      75 |   0.0 |       0 |      15 |   0.0 |   373
               +---------+---------+-------+---------+---------+-------+---------
